 Dungeon Crawl Stone Soup version 0.18.1-48-g4cf74bf (webtiles) character file.

46 Legadrian the Stinger (level 3, -2/25 HPs)
             Began as a Human Venom Mage on June 25, 2016.
             Slain by a gnoll
             ... wielding a +0 halberd
              (6 damage)
             ... on level 2 of the Dungeon.
             The game lasted 00:13:17 (1967 turns).

Legadrian the Stinger (Human Venom Mage)            Turns: 1967, Time: 00:13:18

Health: -2/25      AC:  3    Str:  8    XL:     3   Next: 92%
Magic:  0/6        EV: 12    Int: 16    God:
Gold:   100        SH:  4    Dex: 13    Spells: 3 memorised, 0 levels left

rFire  . . .     SeeInvis .     i - +0 spear (curse)
rCold  . . .     Gourm    .     a - +0 robe
rNeg   . . .     Faith    .     (no shield)
rPois  .         Spirit   .     (no helmet)
rElec  .         Dismiss  .     n - +0 cloak
rCorr  .         Reflect  +     (no gloves)
SustAt .         Harm     .     (no boots)
MR     +....                    g - +4 amulet of reflection
Stlth  ++........               (no ring)
                                p - ring of protection from magic

@: flying, somewhat resistant to hostile enchantments, unstealthy
A: no striking features
a: no special abilities


You were on level 2 of the Dungeon.
You were not hungry.

You visited 1 branch of the dungeon, and saw 2 of its levels.

You collected 100 gold pieces.

Inventory:

Hand Weapons
 i - a cursed +0 spear (weapon)
Missiles
 e - 96 stones (quivered)
 k - 5 tomahawks
Armour
 a - a +0 robe (worn)
 n - a +0 cloak (worn)
Jewellery
 g - a +4 amulet of reflection (around neck)
 p - a ring of protection from magic (left hand)
Scrolls
 h - a scroll of random uselessness {unknown}
 j - 2 scrolls of teleportation
 o - a scroll of noise {unknown}
 q - a scroll of fog {unknown}
Potions
 c - a potion of lignification {unknown}
 d - 2 potions of cure mutation {unknown}
 l - 2 potions of flight
 m - 2 potions of brilliance {unknown}
Books
 b - a Young Poisoner's Handbook

   Spells                             Type                      Level
   a - Sting                          Conjuration/Poison           1
   b - Cure Poison                    Poison                       2
   c - Mephitic Cloud                 Conjuration/Poison/Air       3
   d - Olgreb's Toxic Radiance        Poison                       4
   e - Venom Bolt                     Conjuration/Poison           5
Comestibles
 f - a meat ration
 r - a slice of pizza


   Skills:
 + Level 0.8 Fighting
 + Level 2.2 Dodging
 - Level 2.0 Stealth
 + Level 2.1 Spellcasting
 + Level 0.2 Conjurations
 + Level 4.8 Poison Magic


You couldn't memorise any spells.
You knew the following spells:

 Your Spells              Type           Power        Failure   Level  Hunger
a - Sting                 Conj/Pois      #...         10%         1    #......
b - Cure Poison           Pois           ###.......   6%          2    ###....
c - Mephitic Cloud        Conj/Pois/Air  #.......     34%         3    ###....


Dungeon Overview and Level Annotations

Branches:
Dungeon (2/15)

Altars:


Message History

Press: ? - help, Shift-Dir - straight line, f/p - gnoll
Aim: a gnoll, wielding a spear (heavily wounded)
The sting hits the gnoll.
The gnoll is poisoned.
The gnoll is lightly wounded.
The gnoll looks more healthy.
Casting: Sting
Confirm with . or Enter, or press ? or * to list all spells.
Aiming: Sting
Press: ? - help, Shift-Dir - straight line, f/p - gnoll
Aim: a gnoll, wielding a spear (heavily wounded)
The sting hits the gnoll.
The gnoll is poisoned.
The gnoll is heavily wounded.
The gnoll hits you from afar with a halberd!
Ouch! That really hurt!
* * * LOW HITPOINT WARNING * * *
It was a potion of flight.
You feel very buoyant.
You fly up into the air.
The gnoll hits you from afar with a halberd.
You die...

....####.#######
....+...........
....####)###########
......##.##.........
..............##
.......#.##.#..#
########....##.#
#######.########. #####
#...g.gg.@......# .#
....#
#.######.######.#..#
....# #.# #..# #.#..#
....#
#.#######'#####.#..#
....#
#...g.........#.#..#
....#
#....g........+....#
....#
#...g.........#....#
....#
#.............#....#
.)..#
#.#####............######


You could see 3 gnolls.

Vanquished Creatures
  3 dart slugs
  A giant gecko (D:1)
  4 bats (D:1)
  5 giant cockroaches
  3 goblins
  4 hobgoblins
  6 kobolds (D:1)
  A giant newt (D:1)
  11 rats
38 creatures vanquished.

Notes
Turn   | Place    | Note
--------------------------------------------------------------
     0 | D:1      | Legadrian the Human Venom Mage began the quest for the Orb.
     0 | D:1      | Reached XP level 1. HP: 13/13 MP: 3/3
   165 | D:1      | Reached XP level 2. HP: 17/19 MP: 5/5
   173 | D:1      | Learned a level 2 spell: Cure Poison
   726 | D:1      | Reached XP level 3. HP: 14/25 MP: 4/6
   869 | D:1      | Learned a level 3 spell: Mephitic Cloud
  1967 | D:2      | Slain by a gnoll

Action                   || total
-------------------------++-------
Melee: Hand axe          ||    28
       Spear             ||    44
 Cast: Sting             ||    53
  Use: Scroll            ||     1
       Potion            ||     1
 Stab: Sleeping          ||     8
  Eat: Chunk             ||     2
       Bread ration      ||     1
Armor: Robe              ||    14
Dodge: Dodged            ||    40
Block: Other             ||    10
       Reflection        ||     1
